 Dungeon Sprint DCSS version 0.21-a0-297-ga3d34c2 (webtiles) character file.

298 potatolord6000 the Martial Artist (level 8, -13/67 HPs)
             Began as a Gnoll Transmuter on Sept 28, 2017.
             Was an Elder of Sif Muna.
             Mangled by the 26-headed Lernaean hydra (16 damage)
             ... in the Dungeon (Sprint VI: "Thunderdome").
             The game lasted 00:07:16 (626 turns).

potatolord6000 the Martial Artist (Gnoll Transmuter) Turns: 626, Time: 00:07:17

Health: -13/67     AC:  1    Str: 17 (18) XL:     8   Next: 80%
Magic:  10/20      EV: 18    Int: 18      God:    Sif Muna [****..]
Gold:   86         SH:  0    Dex: 16      Spells: 13/23 levels left

rFire    + + .     SeeInvis +     - Unarmed
rCold    + . .     Gourm    .   (shield currently unavailable)
rNeg     . . .     Faith    .   e - +0 robe of Marbles {rF+ Str+2} (curse)
rPois    +         Spirit   .   i - +0 hat "Zefy" {*Corrode Int+4 SInv}
rElec    +         Reflect  .   (no cloak)
rCorr    +         Harm     .   (gloves currently unavailable)
MR       .....     Rnd*Rage +   (no boots) Stlth ++++......NoTele +
                                (no amulet)
HPRegen  0.21/turn              (no ring)
MPRegen  0.17/turn              (no ring)

@: blade hands, resistant, very slightly contaminated, hasted, very quick
A: distributed training, fangs 1, berserk 1, deformed body, deterioration 1,
dopey 1, strong 1, strong nose
a: End Transformation, Divine Energy, Channel Magic, Forget Spell, Renounce
Religion


You were in the Dungeon.
You worshipped Sif Muna.
Sif Muna was greatly pleased with you.
You were not hungry.
You had blades for hands.
You visited 1 branch You collected 600 gold pieces.
You spent 514 gold pieces at shops.

Inventory:

Armour
 e - the cursed +0 robe of Marbles (worn) {rF+ Str+2}
   (You bought it in a shop in the Dungeon)

   It affects your strength (+2).
   It protects you from fire.
   It has a curse placed upon it.
 i - the +0 hat "Zefy" (worn) {*Corrode Int+4 SInv}
   (You bought it in a shop in the Dungeon)

   It affects your intelligence (+4).
   It lets you see invisible.
   It may corrode you when you take damage.
Scrolls
 j - 3 scrolls of blinking
 k - 3 scrolls of fog
Potions
 f - a potion of heal wounds
 g - 2 potions of haste
 h - 2 potions of magic
Books
 c - a book of Changes

   Spells                             Type                      Level
   a - Beastly Appendage              Transmutation                1
   b - Sticks to Snakes               Transmutation                2
   c - Spider Form                    Transmutation/Poison         3
   d - Ice Form                       Ice/Transmutation            4
   e - Blade Hands                    Transmutation                5


   Skills:
 + Level 7.4 Fighting
 + Level 6.5 Short Blades
 + Level 6.3 Long Blades
 + Level 6.6 Axes
 + Level 7.1 Maces & Flails
 + Level 6.6 Polearms
 + Level 6.2 Staves
 + Level 6.7 Slings
 + Level 6.2 Bows
 + Level 6.8 Crossbows
 + Level 6.5 Throwing
 + Level 7.0 Armour
 + Level 8.1 Dodging
 + Level 6.8 Stealth
   Level 0.0 Stabbing
 + Level 6.2 Shields
   Level 0.0 Traps
 + Level 9.2 Unarmed Combat
 + Level 8.0 Spellcasting
 + Level 6.2 Conjurations
 + Level 6.8 Hexes
 + Level 6.0 Charms
 + Level 6.0 Summonings
 + Level 6.4 Necromancy
 + Level 7.0 Translocations
 + Level 8.4 Transmutations
 + Level 6.6 Fire Magic
 + Level 6.4 Ice Magic
 + Level 6.4 Air Magic
 + Level 6.4 Earth Magic
 + Level 6.8 Poison Magic
 + Level 6.7 Invocations
 + Level 6.6 Evocations


You had 13 spell levels left.
You knew the following spells:

 Your Spells              Type           Power        Failure   Level  Hunger
a - Beastly Appendage     Tmut           #####.       10%         1    None
b - Ice Form              Ice/Tmut       ####....     32%         4    ###....
c - Blade Hands           Tmut           #####.....   43%         5    #####..


Dungeon Overview and Level Annotations

Branches:
Dungeon (1/1)

Altars:
Cheibriados
Dithmenos
Fedhas
Gozag
Kikubaaqudgha
Makhleb
Okawaru
Qazlal
Ru
Sif Muna
Trog
Uskayaw
Vehumet
Wu Jian
Xom
Yredelemnul
Zin
The Shining One
Beogh
Jiyva
Lugonu

Shops:
D *[%??*?*:[((!!!!

Annotations:
D Lernaean hydra


Innate Abilities, Weirdness & Mutations

Your experience applies equally to all skills.
You have very sharp teeth.
Your uncanny sense of smell can sniff out nearby items.
You tend to lose your temper in combat.
Armour fits poorly on your strangely shaped body.
Your body sometimes deteriorates upon taking damage.
You are dopey. (Int -2)
Your muscles are strong. (Str +2)


Message History

Your Translocations skill increases to level 7!
Unknown command.
Unknown command.
You feel much better.
You can't do that in your present form.
You lop one of the 27-headed Lernaean hydra's heads off!
You slice the 26-headed Lernaean hydra!!
You slash the 26-headed Lernaean hydra!!
Your bite misses the 26-headed Lernaean hydra.
The 26-headed Lernaean hydra is moderately wounded.
The 26-headed Lernaean hydra bites you! The 26-headed Lernaean hydra bites you.
The 26-headed Lernaean hydra completely misses you.
The 26-headed Lernaean hydra bites you! x3
* * * LOW HITPOINT WARNING * * *
Your body deteriorates!
You feel weakened.
The 26-headed Lernaean hydra misses you. x2
The 26-headed Lernaean hydra bites you!
* * * LOW HITPOINT WARNING * * *
The 26-headed Lernaean hydra bites you!
You die...

#.........#
###.........###
#⌠...........⌠#
######.8.........8[##
##∩___......###...[.._
###∩......[.8.# #.8....[
##.........[[..###..(.().
#⌠..........###...###.(..
#⌠.....D@..(# #)<.# #)..(
#§.........(###...###...)
##.........(...###.......
###∩........8.# #.8.....
##∩___......###...(.._
######.8.........8.##
#§...........⌠#
###.........###
#_......._#


You could see the 26-headed Lernaean hydra.

Vanquished Creatures
  A tyrant leech (D)
  7 neqoxecs (D)
  An orc warrior (D)
  3 big kobolds (D)
  Blork the orc (D)
  An orc priest (D)
  An adder (D)
  A worm (D)
  A leopard gecko (D)
  4 orcs (D)
  3 kobolds (D)
  A frilled lizard (D)
25 creatures vanquished.

Notes
Turn   | Place    | Note
-------+----------+-------------------------------------------
     0 | D        | potatolord6000 the Gnoll Transmuter began the quest for the Orb.
     0 | D        | Reached XP level 1. HP: 17/17 MP: 6/6
     1 | D        | Found a corrupted altar of Lugonu.
     2 | D        | Found a snail-covered altar of Cheibriados.
     2 | D        | Found a shadowy altar of Dithmenos.
     3 | D        | Found a blossoming altar of Fedhas.
     3 | D        | Found an ancient bone altar of Kikubaaqudgha.
     4 | D        | Found a viscous altar of Jiyva.
     4 | D        | Found Cisol's Staff Store.
     4 | D        | Found Ridejeit's Magic Scroll Shop.
     5 | D        | Found Bekhlova's Must-Have Magic.
     5 | D        | Found Cuabadgh's Magic Scroll Shop.
     5 | D        | Round 1.
    18 | D        | Found a glowing silver altar of Zin.
    22 | D        | Found a bloodstained altar of Trog.
    24 | D        | Found a burning altar of Makhleb.
    32 | D        | Reached skill level 1 in Short Blades
    32 | D        | Reached skill level 1 in Maces & Flails
    32 | D        | Reached skill level 1 in Polearms
    32 | D        | Reached skill level 1 in Slings
    32 | D        | Reached skill level 1 in Stealth
    32 | D        | Reached skill level 1 in Charms
    32 | D        | Reached skill level 1 in Translocations
    32 | D        | Reached skill level 1 in Fire Magic
    32 | D        | Reached skill level 1 in Earth Magic
    32 | D        | Reached skill level 1 in Poison Magic
    32 | D        | Reached skill level 1 in Evocations
    32 | D        | Reached XP level 2. HP: 19/23 MP: 5/7
    38 | D        | Reached skill level 1 in Air Magic
    38 | D        | Reached skill level 1 in Invocations
    41 | D        | Reached skill level 1 in Staves
    47 | D        | Found Qamiassaz's Bee Food.
    49 | D        | Found Qaawim's Jewellery.
    49 | D        | Found Iggosya's Advanced Armour.
    50 | D        | Found an opulent altar of Gozag.
    50 | D        | Found a roughly hewn altar of Beogh.
    50 | D        | Found a basalt altar of Yredelemnul.
    50 | D        | Found Cumpus's Identification Station.
    55 | D        | Found an iron altar of Okawaru.
    56 | D        | Found a sacrificial altar of Ru.
    64 | D        | Reached skill level 1 in Bows
    64 | D        | Reached skill level 1 in Crossbows
    64 | D        | Reached skill level 1 in Armour
    64 | D        | Reached skill level 1 in Shields
    64 | D        | Reached skill level 1 in Hexes
    72 | D        | Found Sizong's Premium Goods.
    73 | D        | Found a deep blue altar of Sif Muna.
    73 | D        | Found a radiant altar of Vehumet.
    73 | D        | Found a glowing golden altar of the Shining One.
    73 | D        | Found Hutaoss's Weapon Rack.
    74 | D        | Found Wuyck's Miscellaneous Merchandise.
    74 | D        | Found Difrehaf's Basic Armour.
    79 | D        | Found a shimmering altar of Xom.
    80 | D        | Found an ornate altar of the Wu Jian Council.
    81 | D        | Found a stormy altar of Qazlal.
    85 | D        | Became a worshipper of Sif Muna the Loreminder
    88 | D        | Found Peemed's Do-It-Yourself Clinic.
    90 | D        | Found a hide-covered altar of Uskayaw.
    90 | D        | Found Piamnol's Distillery.
    91 | D        | Found Heurug's Bottled Wisdom.
    91 | D        | Found Riecun Wath's Distillery.
   108 | D        | Arena points: 12 (+12) [x2]
   141 | D        | Round 2.
   148 | D        | Noticed an orc warrior
   160 | D        | Killed an orc warrior
   160 | D        | Reached * piety under Sif Muna
   160 | D        | Reached skill level 5 in Dodging
   160 | D        | Reached skill level 7 in Unarmed Combat
   160 | D        | Reached skill level 5 in Spellcasting
   160 | D        | Reached skill level 5 in Transmutations
   160 | D        | Reached XP level 3. HP: 7/30 MP: 7/10
   160 | D        | Reached XP level 4. HP: 8/37 MP: 7/11
   162 | D        | Reached XP level 5. HP: 10/42 MP: 8/13
   173 | D        | Learned a level 4 spell: Ice Form
   179 | D        | Learned a level 5 spell: Blade Hands
   187 | D        | Noticed Blork the orc
   194 | D        | Killed Blork the orc
   197 | D        | Arena points: 54 (+42) [x3]
   230 | D        | Round 3.
   236 | D        | Noticed a big kobold
   242 | D        | Killed a big kobold
   242 | D        | Reached ** piety under Sif Muna
   242 | D        | Reached skill level 5 in Fighting
   242 | D        | Reached XP level 6. HP: 51/51 MP: 10/15
   323 | D        | Reached skill level 5 in Maces & Flails
   323 | D        | Reached skill level 5 in Crossbows
   323 | D        | Reached skill level 5 in Stealth
   323 | D        | Reached skill level 8 in Unarmed Combat
   323 | D        | Reached skill level 5 in Evocations
   380 | D        | Arena points: 138 (+84) [x4]
   380 | D        | Reached skill level 5 in Axes
   380 | D        | Reached skill level 5 in Polearms
   380 | D        | Reached skill level 5 in Slings
   380 | D        | Reached skill level 5 in Armour
   380 | D        | Reached skill level 5 in Hexes
   380 | D        | Reached skill level 5 in Translocations
   380 | D        | Reached skill level 5 in Poison Magic
   380 | D        | Reached skill level 5 in Invocations
   415 | D        | Round 4.
   431 | D        | Bought a faintly humming robe for 199 gold pieces
   441 | D        | Identified the cursed +0 robe of Marbles {rF+ Str+2} (You bought it in a shop in the Dungeon)
   456 | D        | Noticed a neqoxec
   463 | D        | Killed a neqoxec
   463 | D        | Reached *** piety under Sif Muna
   463 | D        | Reached skill level 5 in Short Blades
   463 | D        | Reached skill level 5 in Necromancy
   463 | D        | Reached skill level 5 in Fire Magic
   463 | D        | Reached skill level 5 in Earth Magic
   463 | D        | Reached XP level 7. HP: 57/57 MP: 5/17
   474 | D        | Noticed a neqoxec
   480 | D        | Killed a neqoxec
   480 | D        | Reached skill level 5 in Staves
   480 | D        | Reached skill level 5 in Bows
   480 | D        | Reached skill level 5 in Throwing
   480 | D        | Reached skill level 5 in Shields
   480 | D        | Reached skill level 5 in Conjurations
   480 | D        | Reached skill level 5 in Charms
   480 | D        | Reached skill level 5 in Ice Magic
   480 | D        | Reached skill level 5 in Air Magic
   514 | D        | Noticed a neqoxec
   518 | D        | Noticed a neqoxec
   519 | D        | Noticed a neqoxec
   523 | D        | Killed a neqoxec
   523 | D        | Reached skill level 5 in Long Blades
   523 | D        | Reached skill level 5 in Summonings
   529 | D        | Killed a neqoxec
   529 | D        | Reached XP level 8. HP: 55/65 MP: 5/19
   547 | D        | Gained mutation: You are dopey. (Int -2) [a neqoxec]
   548 | D        | Gained mutation: Your body sometimes deteriorates upon taking damage. [a neqoxec]
   549 | D        | Reached **** piety under Sif Muna
   558 | D        | Gained mutation: Your muscles are strong. (Str +2) [a neqoxec]
   562 | D        | Gained mutation: Armour fits poorly on your strangely shaped body. [a neqoxec]
   564 | D        | Gained mutation: You tend to lose your temper in combat. [a neqoxec]
   565 | D        | Arena points: 298 (+160) [x5]
   565 | D        | Reached skill level 9 in Unarmed Combat
   591 | D        | Bought a brightly glowing hat for 315 gold pieces
   596 | D        | Identified the +0 hat "Zefy" {*Corrode Int+4 SInv} (You bought it in a shop in the Dungeon)
   612 | D        | Round 5.
   613 | D        | Noticed the 27-headed Lernaean hydra
   613 | D        | Noticed a tyrant leech
   621 | D        | Killed a tyrant leech
   626 | D        | HP: 3/67 [the 26-headed Lernaean hydra (12)]
   626 | D        | Mangled by the 26-headed Lernaean hydra

Vault maps used:
D:        arena_sprint

Skill      XL: |  1  2  3  4  5  6  7  8 |
---------------+-------------------------+-----
Short Blades   | 1 3 4 5 6 |  6.5
Axes           | 2 3 4 5 6 |  6.6
Maces & Flails | 1 3 4 5 6 7 |  7.1
Polearms       | 1 3 4 5 6 |  6.6
Slings         | 1 3 4 5 6 |  6.7
Stealth        | 1 3 4 5 6 |  6.8
Charms         | 1 2 3 4 5 6 |  6.0
Translocations | 1 3 4 5 6 7 |  7.0
Fire Magic     | 1 3 4 5 6 |  6.6
Earth Magic    | 1 2 3 5 6 |  6.4
Poison Magic   | 1 3 4 5 6 |  6.8
Evocations     | 1 3 4 5 6 |  6.6
Air Magic      | 2 3 4 5 6 |  6.4
Invocations    | 3 4 5 6 |  6.7
Staves         | 2 4 5 6 |  6.2
Bows           | 2 3 4 5 6 |  6.2
Crossbows      | 3 4 5 6 |  6.8
Armour         | 3 4 5 6 7 |  7.0
Shields        | 2 3 4 5 6 |  6.2
Hexes          | 3 4 5 6 |  6.8
Fighting       | 4 5 6 7 |  7.4
Long Blades    | 2 3 4 5 6 |  6.3
Throwing       | 2 3 4 5 6 |  6.5
Dodging        | 5 6 7 8 |  8.1
Unarmed Combat | 7 8 9 |  9.2
Spellcasting   | 5 6 7 8 |  8.0
Conjurations   | 2 3 4 5 6 |  6.2
Summonings     | 2 3 4 5 6 |  6.0
Necromancy     | 2 3 5 6 |  6.4
Transmutations | 5 6 7 8 |  8.4
Ice Magic      | 2 3 4 5 6 |  6.4

Action                   |  1- 3 |  4- 6 |  7- 9 || total
-------------------------+-------+-------+-------++-------
Melee: Unarmed           |    23 |    26 |    19 ||    68
       Bite              |     1 |       |     1 ||     2
       Kick              |     3 |     1 |       ||     4
       Headbutt          |     2 |       |       ||     2
       Punch             |       |       |     1 ||     1
 Cast: Beastly Appendage |     4 |       |       ||     4
       Ice Form          |       |     4 |       ||     4
       Blade Hands       |       |     1 |     4 ||     5
  Use: Potion            |     3 |     2 |     3 ||     8
       Scroll            |       |       |     1 ||     1
 Stab: Distracted        |       |       |     1 ||     1
  Eat: Bread ration      |       |       |     1 ||     1
Armor: Robe              |       |     1 |     1 ||     2
       Skin              |       |     7 |       ||     7
Dodge: Dodged            |    12 |    16 |    16 ||    44

Table legend:
 A = Spawn XP
 B = Non-spawn XP
 C = Spawn XP percentage of total XP
 D = Spawn monster count
 E = Non-spawn monster count
 F = Spawn count percentage of total count
 G = Total turns spent on level
                    A         B        C        D         E        F      G
               +---------+---------+-------+---------+---------+-------+---------
         Total |       0 |    2132 |   0.0 |       0 |      25 |   0.0 |   626
               +---------+---------+-------+---------+---------+-------+---------
             D |       0 |    2132 |   0.0 |       0 |      25 |   0.0 |   626
               +---------+---------+-------+---------+---------+-------+---------
